 Dungeon Crawl Stone Soup version 0.28.0 (webtiles) character file.

Game seed: 7560185979371275308

931 ProzacElf the Ducker (level 8, -11/58 HPs)
             Began as a Djinni Artificer on Feb 10, 2022.
             Was a Priest of Lugonu.
             Mangled by a wight (13 damage)
             ... on level 5 of the Dungeon.
             The game lasted 00:10:35 (3831 turns).

ProzacElf the Ducker (Djinni Artificer)             Turns: 3831, Time: 00:10:36

Health: -11/58     AC:  5    Str: 13    XL:     8   Next: 33%
Gold:   251        EV: 13    Int: 13    God:    Lugonu [***...] SH:  0 Dex: 14

rFire   + + .      SeeInvis .   a - +2 trident (freeze)
rCold   . . .      Faith    .   (no shield)
rNeg    . . .      Spirit   .   v - +0 leather armour
rPois   ∞          Reflect  .   z - +1 hat
rElec   .          Harm     .   (no cloak)
rCorr   .          Rampage  .   t - +0 pair of gloves
Will    +....                   (boots unavailable)
Stlth   +.........              k - amulet of regeneration
HPRegen 0.99/turn               p - ring of protection from cold
MPRegen 0.00/turn               s - ring of willpower

@: flying
A: sickness immunity, fire resistance 2, cold vulnerability 1, float, innate
caster, HP casting, extra vitality 1
a: Renounce Religion, Depart the Abyss, Bend Space, Banish


You were on level 5 of the Dungeon.
You worshipped Lugonu.
Lugonu was most pleased with you.
You visited 1 branch of the dungeon, and saw 6 of its levels.

You collected 251 gold pieces.

Inventory:

Hand Weapons
 a - a +2 trident of freezing (weapon)
 b - a +2 dagger of draining
 m - a +0 club
 u - a +0 short sword
 H - a +0 shortbow
Missiles
 g - 93 arrows
 h - 101 stones
 i - 44 bolts
 o - 2 atropa-tipped darts
 q - 6 boomerangs (quivered)
 w - 8 poisoned darts
 B - 16 sling bullets
 E - 2 throwing nets
Armour
 t - a +0 pair of gloves (worn)
 v - a +0 leather armour (worn)
 z - a +1 hat (worn)
Jewellery
 k - an amulet of regeneration (around neck)
 p - a ring of protection from cold (left hand)
 s - a ring of willpower (right hand)
Wands
 c - a wand of flame (14)
 d - a wand of charming (15)
Scrolls
 f - 2 scrolls of teleportation
 r - a scroll of magic mapping {unknown}
 x - a scroll of fear {unknown}
 y - a scroll of amnesia {unknown}
 D - a scroll of blinking
 I - a scroll of vulnerability {unknown}
Potions
 j - a potion of lignification {unknown}
 l - a potion of haste
 n - a potion of resistance
 A - a potion of heal wounds
 C - 2 potions of attraction {unknown}
 F - 2 potions of might {unknown}
 G - a potion of curing
 J - a potion of degeneration {unknown}
 K - a potion of mutation {unknown}
Miscellaneous
 e - a piece from Xom's chessboard (15/15)


   Skills:
 + Level 4.8 Fighting
 + Level 3.8 Throwing
 - Level 1.0 Armour
 - Level 5.0 Dodging
 - Level 0.7 Stealth
 - Level 5.0 Evocations


You had 2 spell levels left.
You knew the following spells:

 Your Spells              Type           Power      Damage    Failure   Level
a - Magic Dart            Conj           0%         1d3       36%         1
b - Call Imp              Summ           0%         N/A       52%         2
c - Wereblood             Tmut           0%         N/A       52%         2
Your spell library was empty.

Dungeon Overview and Level Annotations

Branches:
Dungeon (6/15)
 Temple: D:4-7

Altars:
Lugonu


Innate Abilities, Weirdness & Mutations

You are immune to sickness and miasma.
You are immune to poison.
Your flesh is very heat resistant. (rF++)
You are vulnerable to cold. (rC-)
You float through the air rather than walking.
You learn spells naturally, not from books.
Your magical power is your life essence.
You have superior vitality. (+4 MHP)


Message History

Ye take 2 damage, an' haf 41/58 hp.
Tha hound barely misses ye.
Tha hound closely misses ye.
Ye hit tha hound.
Ye freeze tha hound.
Tha hound be lightly wounded.
Tha hound barely misses ye.
Tha hound misses ye.
Ye regain'd 2 hp, an' now haf 47/58 hp.
Ye hit tha hound.
Ye freeze tha hound.
Tha hound be moderately wounded.
Tha hound barely misses ye.
Tha hound closely misses ye.
Ye barely miss tha hound.
Tha hound be moderately wounded.
Tha hound barely misses ye.
Tha hound bites ye.
Ye take 1 damage, an' haf 47/58 hp.
Ye hit tha hound.
Ye freeze tha hound.
Tha hound be heavily wounded.
Tha hound bites ye but does nay damage.
Tha hound closely misses ye.
Ye regain'd 2 hp, an' now haf 49/58 hp.
Ye puncture tha hound!
Ye freeze tha hound.
Ye kill tha hound!
Lugonu accepts yer kill.
Tha wight closely misses ye.
Ye closely miss tha wight.
Tha wight hits ye wit' a +6 battleaxe!
Ye take 9 damage, an' haf 41/58 hp.
Ye barely miss tha wight.
Tha wight barely misses ye.
Ye barely miss tha wight.
Tha wight closely misses ye.
Tha wight hits ye wit' a +6 battleaxe.
Ye take 2 damage, an' haf 40/58 hp.
Ye hit tha wight but do nay damage.
Tha wight hits ye wit' a +6 battleaxe!
Ye take 12 damage, an' haf 28/58 hp.
MASSIVE DAMAGE!!
Ye hit tha wight but do nay damage.
Tha wight hits ye wit' a +6 battleaxe!
* * * LOW HITPOINT WARNIN'
* * * Ye take 13 damage, an' haf 15/58 hp.
MASSIVE DAMAGE!!
Ye closely miss tha wight.
Tha wight hits ye wit' a +6 battleaxe.
* * * LOW HITPOINT WARNIN'
* * * Tha wight hits ye wit' a +6 battleaxe!
* * * LOW HITPOINT WARNIN'
* * * Ye take 14 damage, an' haf 1/58 hp.
MASSIVE DAMAGE!!
Ye closely miss tha wight.
Tha wight hits ye wit' a +6 battleaxe!
Ye die...

...##.#.###.#.##.###.....# #.#
>.####.#.#.#.###.###.....# ##.#
...# ##.#.#.###...###.##### #..#
.#.#####.#.##.....###>#...####.##
...##..##.###......##.......##.#
#..#..######.)##....###...♣.##.#
.........#.[.###.#...##...♣..#.#
##.....####.## #z##.z.)........#
##.....# #..# #@####.....####.#
.#.....#####.# #.# #...#.# #.#
.##......# #.###.# #...#.####.##
..#......###.....# #...#.##....#
#................# #####.......#
###..............# ####....#
#.....####.....# #....# #.....#
#.....# #....# ####### #.....#
#....#


You could see a wight.

Vanquished Creatures
  2 black bears (D:5)
  An ice beast (D:5)
  3 ogres (D:5)
  A centaur (D:5)
  A centaur zombie (D:5)
  An orc priest (D:5)
  A hound (D:5)
  An iguana (D:5)
  A hound skeleton (D:5)
  4 gnolls (D:3)
  A howler monkey skeleton (D:4)
  5 adders
  A worm (D:3)
  3 dart slugs
  8 orcs
  2 bats
  9 endoplasms
  6 giant cockroaches
  4 goblins
  6 hobgoblins
  3 quokkas
  7 ball pythons
  4 frilled lizards
  7 kobolds
  4 rats
86 creatures vanquished.

Vanquished Creatures (others)
  A plant (D:2)
1 creature vanquished.

Grand Total: 87 creatures vanquished

Notes
Turn   | Place    | Note
-------+----------+-------------------------------------------
     0 | D:1      | ProzacElf the Djinni Artificer began the quest for the Orb.
     0 | D:1      | Reached XP level 1. HP: 17/17 MP: 0/0
   211 | D:1      | Reached XP level 2. HP: 22/22 MP: 0/0
   688 | D:1      | Reached XP level 3. HP: 25/27 MP: 0/0
   688 | D:1      | Learned a level 1 spell: Magic Dart
  1006 | D:2      | Found a faded altar of an unknown god.
  1016 | D:2      | Prayed at the altar of an unknown god.
  1016 | D:2      | Became a worshipper of Lugonu the Unformed
  1016 | D:2      | Reached * piety under Lugonu
  1016 | D:2      | Reached ** piety under Lugonu
  1159 | D:2      | Reached XP level 4. HP: 30/32 MP: 0/0
  1549 | D:3      | Reached XP level 5. HP: 37/37 MP: 0/0
  1549 | D:3      | Learned a level 2 spell: Call Imp
  2410 | D:4      | Reached *** piety under Lugonu
  2520 | D:4      | You are sucked into a shaft and drop 1 floor!
  2520 | D:5      | Entered Level 5 of the Dungeon
  2520 | D:5      | Noticed an ogre
  2533 | D:5      | Killed an ogre
  2534 | D:5      | Reached skill level 5 in Dodging
  2534 | D:5      | Reached skill level 5 in Evocations
  2534 | D:5      | Reached XP level 6. HP: 42/42 MP: 0/0
  2544 | D:5      | Noticed a black bear
  2558 | D:5      | Killed a black bear
  2559 | D:5      | Reached skill level 1 in Throwing
  2951 | D:5      | Reached XP level 7. HP: 39/49 MP: 0/0
  2951 | D:5      | Learned a level 2 spell: Wereblood
  3222 | D:5      | Reached XP level 8. HP: 11/58 MP: 0/0
  3830 | D:5      | HP: 1/58 [wight (13)]
  3831 | D:5      | Mangled by a wight

Illustrated notes

Levels and vault maps discovered:
D:1:      scummos_arrival_hexagon, layout_loops_ring, minmay_pentomino_r4
D:2:      layout_rooms, hellmonk_ecumenical_altar_pennies_from_heaven,
          serial_forest, infiniplex_forest_clump_diagonal,
          infiniplex_forest_straight_2, infiniplex_forest_zigzag_1,
          infiniplex_forest_lined_room_2, infiniplex_forest_straight_1
D:3:      layout_basic
D:4:      layout_basic
D:5:      minmay_inner_zag, layout_rooms, chequers_mini_garden,
          nicolae_concentric_dashed_squares_mild
D:6:      layout_rooms, mainiacjoe_overflow_catwalk_spiral,
          mainiacjoe_overflow_concentric_impassable, minmay_temple_entry_waves,
          kennysheep_crisscross, minmay_hedge_maze, roderic_roman_lattice

Skill      XL: |  1  2  3  4  5  6  7 |
---------------+----------------------+-----
Dodging        | 3 4 5 |  5.0
Evocations     | 4 5 |  5.0
Fighting       | 2 4 |  4.8
Throwing       | 1 3 |  3.8
Armour         | |  1.0
Stealth        | |  0.7

Action                   |  1- 3 |  4- 6 |  7- 9 || total
-------------------------+-------+-------+-------++-------
Melee: Club              |    10 |       |       ||    10
       Short sword       |    99 |       |       ||    99
       Trident           |    13 |   140 |    88 ||   241
       Punch             |     4 |       |     1 ||     5
Evoke: Piece from Xom's  |       |     1 |       ||     1
       Wand              |       |       |     1 ||     1
  Use: Potion            |       |       |     1 ||     1
       Scroll            |       |       |     5 ||     5
 Stab: Sleeping          |     2 |     3 |     2 ||     7
Armor: Leather armour    |    43 |    33 |    29 ||   105
Dodge: Dodged            |    66 |    85 |    79 ||   230
